 Dungeon Sprint DCSS version 0.28.0-53-g5a82cb258f (webtiles) character file.

Game seed: 11342998859444915487

5 Zeld the Conjurer (level 1, -2/15 HPs)
             Began as a Deep Elf Conjurer on June 9, 2022.
             Slain by a phantom (8 damage)
             ... in the Dungeon (Sprint IX: "|||||||||||||||||||||||||||||").
             The game lasted 00:00:42 (488 turns).

Zeld the Conjurer (Deep Elf Conjurer)                Turns: 488, Time: 00:00:43

Health: -2/15      AC:  2    Str:  4    XL:     1   Next: 66%
Magic:  7/7        EV: 12    Int: 22    God:
Gold:   0          SH:  0    Dex: 13    Spells: 7/8 levels left

rFire   . . .      SeeInvis .   h - +0 club
rCold   . . .      Faith    .   (no shield)
rNeg    . . .      Spirit   .   a - +0 robe
rPois   .          Reflect  .   (no helmet)
rElec   .          Harm     .   (no cloak)
rCorr   .          Rampage  .   (no gloves)
Will    .....      NoTele   +   (no boots)
Stlth   ..........              (no amulet)
HPRegen 0.05/turn               (no ring)
MPRegen 0.10/turn               (no ring)

@: berserking, very quick
A: no striking features
a: no special abilities


You were in the Dungeon.
You visited 1 branch

Inventory:

Hand Weapons
 h - a +0 club (weapon)
Armour
 a - a +0 robe (worn)
Scrolls
 g - a scroll of blinking
Potions
 b - a potion of curing
 c - a potion of heal wounds
 d - a potion of haste
 e - a potion of magic


   Skills:
 - Level 2.4 Dodging
 - Level 2.4 Stealth
 * Level 4.4 Spellcasting
 * Level 5.2 Conjurations


You had 7 spell levels left.
You knew the following spells:

 Your Spells              Type           Power      Damage    Failure   Level
a - Magic Dart            Conj           100%       1d8       1%          1

Your spell library contained the following spells:

 Spells                   Type           Power      Damage    Failure   Level
 Searing Ray              Conj           54%        2d6       1%          2
 Dazzling Flash           Conj/Hex       32%        N/A       11%         3
 Fulminant Prism          Conj/Hex       8%         3d7       36%         4
 Iskenderun's Mystic Bla  Conj/Tloc      16%        2d5       36%         4


Dungeon Overview and Level Annotations

Branches:
Dungeon (1/1)

Altars:


Message History

You start resting.
Magic restored.
You start resting.
h - a +0 club Sorry, you're not good enough to have a special ability.
h - a +0 club (weapon)
You start resting.
HP restored.
You start waiting.
Done waiting.
You start waiting.
You open the door.
A jelly, 2 scorpions, a shadow imp and a phantom come into view.
The shadow imp shouts!
You hit the phantom but do no damage. The phantom closely misses you.
You closely miss the phantom. The phantom barely misses you. x2
A red film seems to cover your vision as you go berserk!
You feel yourself moving faster!
You feel mighty! The phantom barely misses you.
You miss the phantom. You sock the phantom!
The phantom is moderately damaged.
The phantom hits you.
Unknown command.
You barely miss the phantom.
The phantom is moderately damaged.
The phantom hits you.
Unknown command.
You thump the phantom!
The phantom is severely damaged.
The phantom hits you.
You hit the phantom.
The phantom is severely damaged.
The phantom hits you.
The jelly jiggles.
You miss the phantom.
The phantom is severely damaged.
The phantom hits you!
Ouch! That really hurt!
You die... ▓▓▓▓▓▓▓▓▓▓▓▓▓▓▓▓▓▓ +s....sJs5W@'...<▓ ▓▓▓▓▓▓▓▓▓▓▓▓▓▓▓▓▓▓

You could see a phantom, 2 scorpions, a jelly and a shadow imp.

Vanquished Creatures
  A bat (D)
  An endoplasm (D)
  A goblin (D)
  2 rats (D)
5 creatures vanquished.

Notes
Turn   | Place    | Note
-------+----------+-------------------------------------------
     0 | D        | Zeld the Deep Elf Conjurer began the quest for the Orb.
     0 | D        | Reached XP level 1. HP: 10/10 MP: 6/6
    10 | D        | Reached skill level 5 in Conjurations
    15 | D        | Banished a spatial maelstrom
   475 | D        | Noticed a scorpion
   475 | D        | Noticed a jelly
   475 | D        | Noticed a scorpion
   475 | D        | Noticed a phantom
   488 | D        | Slain by a phantom

Illustrated notes

Levels and vault maps discovered:
D:        linesprint [early_d, line_temple, items_1, d_10, items_2, lair_1,
          lair_end, items_3, orc_1, orc_end, items_4, d_15, swamp_1, shoals_1,
          snake_1, spider_1, d_20, vaults_1, items_5, swamp_end, shoals_end,
          snake_end, spider_end, vaults_end, d_27, items_6, zot_1, zot_end,
          crypt_end, forest_end, elf_end, slime_end, tomb_end, abyss_end,
          pan_hell_end]

Skill      XL: |  1 |
---------------+----+-----
Spellcasting   | 4 |  4.4
Conjurations   | 5 |  5.2
Dodging        | |  2.4
Stealth        | |  2.4

Action                   || total
-------------------------++-------
Melee: Club              ||     8
       Unarmed           ||     7
 Cast: Magic Dart        ||     9
  Use: Potion            ||     2
Armor: Robe              ||     4
Dodge: Dodged            ||    11
